[ PARTIDA AOE2 · #476338456 ]
UnrankedRomanos vs Spanish
[ ANÁLISIS DE REPETICIÓN · EXTRAÍDO DE LA PARTIDA GRABADA ]
Feudal
11:21
Castillos
14:55
Imperial
34:58
| APM promedio | 34.3 |
| APM pico | 64 |
| eAPM promedio | 20.5 |
| Aldeanos / militares | 194 / 168 |
Foco
⚔️ 38.5% · 🌾 61.5%
Spearman ×121 · Knight ×40 · Battering Ram ×3 · Scout Cavalry ×3 · Monk ×1
Feudal
9:17
Castillos
18:52
Imperial
37:11
| APM promedio | 61.7 |
| APM pico | 92 |
| eAPM promedio | 41.3 |
| Aldeanos / militares | 148 / 98 |
Foco
⚔️ 52.5% · 🌾 47.5%
Knight ×87 · Scout Cavalry ×5 · Monk ×3 · Trebuchet (Packed) ×3
Feudal
10:31
Castillos
14:07
Imperial
36:37
| APM promedio | 50.3 |
| APM pico | 84 |
| eAPM promedio | 24.0 |
| Aldeanos / militares | 150 / 83 |
Foco
⚔️ 25.1% · 🌾 74.9%
Conquistador ×78 · Trade Cart ×17 · Trebuchet (Packed) ×5
Feudal
9:54
Castillos
22:40
Imperial
—
| APM promedio | 44.6 |
| APM pico | 94 |
| eAPM promedio | 29.0 |
| Aldeanos / militares | 104 / 55 |
Foco
⚔️ 27.1% · 🌾 72.9%
Spearman ×40 · Berserk ×13 · Battering Ram ×2
Feudal
8:31
Castillos
29:16
Imperial
41:25
| APM promedio | 33.9 |
| APM pico | 132 |
| eAPM promedio | 15.9 |
| Aldeanos / militares | 99 / 36 |
Foco
⚔️ 29.2% · 🌾 70.8%
Monk ×17 · Militia ×15 · Spearman ×4
Feudal
8:31
Castillos
21:44
Imperial
35:57
| APM promedio | 49.1 |
| APM pico | 84 |
| eAPM promedio | 28.0 |
| Aldeanos / militares | 117 / 57 |
Foco
⚔️ 33.1% · 🌾 66.9%
Archer ×46 · Skirmisher ×11
Feudal
10:48
Castillos
14:43
Imperial
38:16
| APM promedio | 38.3 |
| APM pico | 72 |
| eAPM promedio | 26.5 |
| Aldeanos / militares | 290 / 37 |
Foco
⚔️ 23.3% · 🌾 76.7%
War Elephant ×33 · Trade Cart ×5 · Mangonel ×4
Feudal
10:32
Castillos
14:05
Imperial
31:06
| APM promedio | 52.7 |
| APM pico | 85 |
| eAPM promedio | 32.9 |
| Aldeanos / militares | 163 / 11 |
Foco
⚔️ 33.7% · 🌾 66.3%
Unknown (1949) ×117 · Trade Cart ×11 · Monk ×7 · Unknown (1942) ×6 · Mangonel ×4
Mapa de la partida
Recursos iniciales + cada clic de construcción. Líneas = muros · curvas = relieve. ◆ oro · ⬟ piedra · ● bayas · ✦ reliquia · ◌ hueco del cierre
Tu base· ✓ Cerrada en 14:55 · 0t muro · 2 puerta(s)
Base de David Rasie· ✓ Cerrada en 18:52 · 0t muro · 2 puerta(s)
Base de LM | L3ouis· ✓ Cerrada en 14:07 · 0t muro · 2 puerta(s)
Base de Foskito· ✓ Cerrada en 22:40 · 6t muro · 3 puerta(s)
Base de KekB_Perce1992· ✓ Cerrada en 29:16 · 18t muro · 2 puerta(s)
Base de [CL]Jupy· ✓ Cerrada en 21:44 · 14t muro · 6 puerta(s)
Base de Scogx· Abierta — hueco de 2t
Base de Nervkeks· ✓ Cerrada en 14:05 · 0t muro · 3 puerta(s)
Terreno inicial suavizado · ◌ = hueco del cierre detectado · pasá el cursor para detalles
Inputs por minuto
— Mago - - David Rasie
Build order — Mago
Primeras 150 de 393 acciones detectadas
| 0:00 | Crear | Villager (Male) ×4 |
| 0:01 | Crear | Villager (Male) ×4 |
| 0:03 | Construir | House |
| 0:04 | Construir | House |
| 1:23 | Crear | Villager (Male) |
| 1:24 | Crear | Villager (Male) |
| 1:48 | Construir | Lumber Camp |
| 1:55 | Crear | Villager (Male) |
| 1:56 | Crear | Villager (Male) |
| 2:14 | Crear | Villager (Male) |
| 2:53 | Crear | Villager (Male) |
| 2:53 | Crear | Villager (Male) |
| 2:53 | Crear | Villager (Male) |
| 3:04 | Crear | Villager (Male) |
| 3:05 | Crear | Villager (Male) |
| 3:29 | Construir | House |
| 3:58 | Construir | Mill |
| 4:00 | Crear | Villager (Male) |
| 4:01 | Crear | Villager (Male) |
| 4:01 | Crear | Villager (Male) |
| 4:26 | Construir | House |
| 4:27 | Construir | House |
| 5:00 | Crear | Villager (Male) |
| 5:00 | Crear | Villager (Male) |
| 5:23 | Crear | Villager (Male) |
| 5:24 | Crear | Villager (Male) |
| 5:25 | Crear | Villager (Male) |
| 5:54 | Construir | Farm |
| 6:01 | Crear | Villager (Male) |
| 6:18 | Construir | Farm |
| 6:44 | Construir | Farm |
| 6:54 | Crear | Villager (Male) |
| 7:04 | Crear | Villager (Male) |
| 7:20 | Crear | Villager (Male) |
| 7:32 | Construir | Lumber Camp |
| 7:38 | Crear | Villager (Male) |
| 7:38 | Crear | Villager (Male) |
| 8:56 | Construir | Mining Camp |
| 9:09 | Investigar | Feudal Age |
| 9:27 | Construir | Barracks |
| 9:47 | Crear | Villager (Male) |
| 9:47 | Crear | Villager (Male) |
| 11:21 | Edad | Edad Feudal |
| 11:22 | Construir | Stable |
| 11:26 | Construir | Blacksmith |
| 11:42 | Construir | House |
| 11:43 | Construir | House |
| 11:50 | Investigar | Double-Bit Axe |
| 12:15 | Investigar | Castle Age |
| 12:15 | Investigar | Castle Age |
| 12:33 | Investigar | Horse Collar |
| 12:48 | Investigar | Gold Mining |
| 12:49 | Investigar | Gold Mining |
| 13:09 | Construir | Farm |
| 13:15 | Construir | Farm |
| 13:19 | Construir | Farm |
| 13:22 | Construir | Farm |
| 13:37 | Investigar | Bloodlines |
| 13:44 | Construir | Farm |
| 13:50 | Construir | Farm |
| 14:08 | Construir | Farm |
| 14:14 | Investigar | Wheelbarrow |
| 14:18 | Construir | Farm |
| 14:41 | Construir | Farm |
| 14:51 | Investigar | Scale Barding Armor |
| 14:55 | Edad | Edad de los Castillos |
| 15:04 | Crear | Knight |
| 15:05 | Crear | Knight |
| 15:17 | Crear | Villager (Male) |
| 15:31 | Construir | Farm |
| 15:34 | Construir | Farm |
| 15:37 | Investigar | Bow Saw |
| 15:37 | Investigar | Bow Saw |
| 15:51 | Crear | Knight |
| 16:13 | Crear | Villager (Male) |
| 16:15 | Construir | Farm |
| 16:30 | Crear | Knight |
| 16:30 | Crear | Knight |
| 16:37 | Crear | Villager (Male) |
| 16:42 | Construir | Farm |
| 16:58 | Crear | Knight |
| 17:04 | Crear | Knight |
| 17:18 | Crear | Knight |
| 17:20 | Crear | Villager (Male) |
| 17:28 | Construir | Town Center |
| 17:37 | Crear | Knight |
| 17:43 | Investigar | Loom |
| 17:43 | Investigar | Loom |
| 17:56 | Investigar | Heavy Plow |
| 17:56 | Investigar | Heavy Plow |
| 18:01 | Construir | Farm |
| 18:39 | Investigar | Forging |
| 18:39 | Investigar | Forging |
| 18:40 | Crear | Knight |
| 18:40 | Crear | Knight |
| 18:44 | Crear | Villager (Male) |
| 18:45 | Crear | Villager (Male) |
| 18:50 | Construir | House |
| 18:51 | Construir | House |
| 18:52 | Construir | House |
| 19:24 | Crear | Knight |
| 19:25 | Crear | Villager (Male) |
| 19:25 | Crear | Villager (Male) ×2 |
| 19:49 | Construir | Town Center |
| 20:06 | Crear | Villager (Male) |
| 20:07 | Crear | Villager (Male) |
| 20:07 | Crear | Villager (Male) |
| 20:10 | Construir | Farm |
| 20:13 | Construir | Farm |
| 20:14 | Construir | Farm |
| 20:15 | Construir | Farm |
| 20:37 | Investigar | Chain Barding Armor |
| 20:42 | Crear | Villager (Male) |
| 20:46 | Crear | Villager (Male) |
| 20:57 | Crear | Villager (Male) |
| 21:12 | Construir | House |
| 21:27 | Crear | Villager (Male) |
| 21:36 | Crear | Knight |
| 21:37 | Crear | Villager (Male) ×3 |
| 21:38 | Crear | Villager (Male) ×3 |
| 21:41 | Construir | Farm |
| 21:59 | Crear | Knight |
| 22:02 | Crear | Villager (Male) ×2 |
| 22:21 | Crear | Villager (Male) ×3 |
| 22:24 | Construir | Farm |
| 22:25 | Construir | Farm |
| 22:25 | Construir | Farm |
| 22:25 | Construir | Farm |
| 22:25 | Construir | Farm |
| 22:32 | Crear | Knight |
| 22:45 | Crear | Villager (Male) |
| 22:45 | Crear | Villager (Male) |
| 22:45 | Crear | Villager (Male) |
| 23:14 | Crear | Knight |
| 23:14 | Crear | Knight |
| 23:19 | Investigar | Light Cavalry (upgrade) |
| 23:24 | Construir | Stable |
| 23:26 | Construir | Stable |
| 23:27 | Crear | Villager (Male) ×3 |
| 24:04 | Crear | Villager (Male) ×5 |
| 24:05 | Crear | Villager (Male) ×5 |
| 24:06 | Crear | Villager (Male) |
| 24:11 | Construir | House |
| 24:12 | Construir | House |
| 24:24 | Construir | House |
| 24:24 | Construir | House |
| 24:25 | Construir | House |
| 24:27 | Crear | Villager (Male) ×3 |
| 24:36 | Crear | Scout Cavalry |
| 24:36 | Crear | Scout Cavalry |
Build order — David Rasie
Primeras 150 de 392 acciones detectadas
| 0:02 | Crear | Villager (Male) |
| 0:02 | Crear | Villager (Male) |
| 0:22 | Crear | Villager (Male) |
| 0:29 | Crear | Villager (Male) |
| 0:29 | Crear | Villager (Male) |
| 1:06 | Crear | Villager (Male) |
| 1:46 | Construir | Lumber Camp |
| 1:54 | Crear | Villager (Male) |
| 2:02 | Crear | Villager (Male) |
| 2:17 | Crear | Villager (Male) |
| 3:12 | Crear | Villager (Male) |
| 3:13 | Crear | Villager (Male) |
| 3:52 | Crear | Villager (Male) |
| 3:53 | Crear | Villager (Male) |
| 4:17 | Construir | Mill |
| 4:21 | Crear | Villager (Male) |
| 4:24 | Crear | Villager (Male) |
| 4:37 | Crear | Villager (Male) |
| 4:56 | Crear | Villager (Male) |
| 5:24 | Crear | Villager (Male) |
| 5:24 | Crear | Villager (Male) |
| 5:24 | Crear | Villager (Male) |
| 5:24 | Crear | Villager (Male) |
| 5:35 | Crear | Villager (Male) ×4 |
| 6:24 | Crear | Villager (Male) |
| 6:35 | Construir | Farm |
| 6:54 | Investigar | Feudal Age |
| 7:11 | Construir | Lumber Camp |
| 7:33 | Crear | Villager (Male) |
| 8:23 | Construir | Barracks |
| 9:17 | Edad | Edad Feudal |
| 9:21 | Construir | Stable |
| 9:29 | Investigar | Double-Bit Axe |
| 9:39 | Investigar | Horse Collar |
| 9:40 | Crear | Villager (Male) |
| 10:02 | Crear | Scout Cavalry |
| 10:03 | Crear | Villager (Male) |
| 10:21 | Crear | Villager (Male) |
| 10:23 | Construir | Farm |
| 10:25 | Construir | Farm |
| 10:45 | Crear | Villager (Male) |
| 10:49 | Crear | Villager (Male) |
| 10:50 | Crear | Scout Cavalry |
| 10:56 | Construir | Farm |
| 10:59 | Construir | Farm |
| 11:01 | Construir | Farm |
| 11:03 | Construir | Farm |
| 11:04 | Crear | Villager (Male) |
| 11:10 | Crear | Scout Cavalry |
| 11:31 | Crear | Scout Cavalry |
| 11:48 | Crear | Villager (Male) |
| 12:00 | Crear | Scout Cavalry |
| 12:11 | Crear | Villager (Male) |
| 12:18 | Construir | Farm |
| 12:21 | Construir | Farm |
| 12:21 | Crear | Villager (Male) |
| 12:30 | Construir | Farm |
| 12:34 | Construir | Farm |
| 12:34 | Crear | Villager (Male) |
| 12:39 | Crear | Villager (Male) |
| 12:40 | Crear | Villager (Male) |
| 12:43 | Construir | Blacksmith |
| 12:56 | Construir | Farm |
| 12:56 | Crear | Villager (Male) |
| 13:15 | Construir | Mining Camp |
| 13:29 | Investigar | Forging |
| 13:29 | Investigar | Forging |
| 14:13 | Crear | Villager (Male) |
| 14:32 | Construir | Farm |
| 14:33 | Construir | Farm |
| 14:34 | Construir | Farm |
| 14:35 | Crear | Villager (Male) |
| 14:54 | Crear | Villager (Male) |
| 15:16 | Crear | Villager (Male) |
| 15:33 | Construir | Farm |
| 15:35 | Construir | Mill |
| 15:36 | Construir | Farm |
| 15:40 | Crear | Villager (Male) |
| 16:12 | Investigar | Castle Age |
| 16:13 | Investigar | Castle Age |
| 16:38 | Construir | Mining Camp |
| 16:49 | Investigar | Scale Barding Armor |
| 17:17 | Construir | Farm |
| 17:18 | Investigar | Gold Mining |
| 17:24 | Investigar | Bloodlines |
| 17:56 | Construir | Stable |
| 18:13 | Crear | Villager (Male) |
| 18:52 | Edad | Edad de los Castillos |
| 18:58 | Crear | Knight |
| 18:58 | Crear | Knight |
| 19:10 | Crear | Knight |
| 19:11 | Crear | Villager (Male) |
| 19:16 | Construir | Town Center |
| 19:24 | Crear | Knight |
| 19:32 | Crear | Knight |
| 19:34 | Investigar | Husbandry |
| 19:47 | Crear | Knight |
| 19:48 | Crear | Villager (Male) |
| 19:58 | Investigar | Chain Barding Armor |
| 19:58 | Investigar | Chain Barding Armor |
| 20:05 | Crear | Knight |
| 20:08 | Crear | Villager (Male) |
| 20:12 | Construir | Farm |
| 20:13 | Construir | Farm |
| 20:13 | Construir | Farm |
| 20:14 | Construir | Farm |
| 20:14 | Construir | Farm |
| 20:18 | Construir | Farm |
| 20:23 | Crear | Knight |
| 20:37 | Crear | Villager (Male) |
| 20:50 | Crear | Knight |
| 21:01 | Construir | Farm |
| 21:02 | Construir | Farm |
| 21:03 | Construir | Farm |
| 21:05 | Crear | Villager (Male) |
| 21:05 | Crear | Villager (Male) |
| 21:06 | Construir | Farm |
| 21:11 | Crear | Villager (Male) |
| 21:22 | Construir | Farm |
| 21:27 | Crear | Knight |
| 21:33 | Crear | Villager (Male) |
| 21:33 | Crear | Villager (Male) |
| 21:37 | Investigar | Loom |
| 21:44 | Crear | Knight |
| 21:44 | Crear | Knight |
| 21:51 | Construir | Farm |
| 21:52 | Crear | Villager (Male) |
| 22:00 | Crear | Knight |
| 22:00 | Crear | Knight |
| 22:03 | Construir | Farm |
| 22:05 | Construir | Farm |
| 22:10 | Crear | Knight |
| 22:27 | Crear | Villager (Male) |
| 22:27 | Crear | Villager (Male) |
| 22:27 | Crear | Villager (Male) |
| 22:40 | Crear | Knight |
| 22:47 | Crear | Villager (Male) |
| 22:49 | Crear | Villager (Male) |
| 22:49 | Crear | Villager (Male) |
| 22:56 | Crear | Villager (Male) |
| 23:01 | Crear | Villager (Male) |
| 23:10 | Crear | Knight |
| 23:29 | Crear | Villager (Male) |
| 23:30 | Crear | Villager (Male) |
| 23:30 | Crear | Villager (Male) |
| 23:30 | Crear | Villager (Male) |
| 23:35 | Crear | Knight |
| 23:35 | Crear | Knight |
| 23:45 | Crear | Villager (Male) |
| 23:46 | Crear | Villager (Male) |
Build order — LM | L3ouis
Primeras 150 de 423 acciones detectadas
| 0:01 | Crear | Villager (Male) |
| 0:02 | Crear | Villager (Male) |
| 0:02 | Crear | Villager (Male) |
| 0:03 | Construir | House |
| 0:04 | Construir | House |
| 0:05 | Construir | House |
| 0:07 | Crear | Villager (Male) |
| 0:08 | Crear | Villager (Male) |
| 1:26 | Crear | Villager (Male) |
| 1:46 | Construir | Lumber Camp |
| 1:56 | Crear | Villager (Male) |
| 2:29 | Crear | Villager (Male) |
| 2:30 | Crear | Villager (Male) |
| 2:30 | Crear | Villager (Male) |
| 3:14 | Crear | Villager (Male) |
| 3:16 | Crear | Villager (Male) |
| 4:11 | Crear | Villager (Male) |
| 4:11 | Crear | Villager (Male) |
| 4:12 | Crear | Villager (Male) |
| 4:14 | Construir | Mill |
| 4:49 | Crear | Villager (Male) |
| 4:49 | Crear | Villager (Male) |
| 4:58 | Crear | Villager (Male) |
| 5:42 | Construir | House |
| 5:46 | Crear | Villager (Male) |
| 5:47 | Crear | Villager (Male) |
| 5:47 | Crear | Villager (Male) |
| 5:54 | Crear | Villager (Male) |
| 5:54 | Crear | Villager (Male) |
| 7:28 | Crear | Villager (Male) |
| 7:35 | Construir | Mining Camp |
| 7:40 | Crear | Villager (Male) |
| 8:03 | Investigar | Feudal Age |
| 8:24 | Construir | Mining Camp |
| 9:31 | Crear | Villager (Male) |
| 9:32 | Crear | Villager (Male) |
| 9:37 | Construir | House |
| 10:31 | Edad | Edad Feudal |
| 10:36 | Construir | Market |
| 10:40 | Construir | Blacksmith |
| 11:27 | Investigar | Castle Age |
| 11:27 | Investigar | Castle Age |
| 11:41 | Construir | Farm |
| 11:43 | Construir | Farm |
| 11:44 | Construir | Farm |
| 12:20 | Investigar | Double-Bit Axe |
| 12:31 | Investigar | Loom |
| 12:34 | Construir | Farm |
| 12:39 | Construir | Farm |
| 12:51 | Construir | Farm |
| 13:19 | Crear | Villager (Male) |
| 13:23 | Investigar | Horse Collar |
| 13:23 | Investigar | Horse Collar |
| 14:07 | Edad | Edad de los Castillos |
| 14:09 | Construir | Castle |
| 14:10 | Construir | Mining Camp |
| 14:26 | Crear | Villager (Male) |
| 14:33 | Construir | Farm |
| 14:47 | Construir | Mining Camp |
| 14:53 | Construir | Farm |
| 14:55 | Crear | Villager (Male) |
| 15:10 | Crear | Conquistador |
| 15:11 | Crear | Conquistador |
| 15:12 | Crear | Villager (Male) |
| 15:16 | Construir | Farm |
| 15:30 | Crear | Villager (Male) |
| 15:45 | Crear | Conquistador |
| 16:15 | Crear | Villager (Male) |
| 16:15 | Crear | Villager (Male) |
| 16:18 | Construir | Farm |
| 16:18 | Construir | Farm |
| 16:28 | Construir | Farm |
| 16:45 | Crear | Conquistador |
| 17:03 | Crear | Conquistador |
| 17:03 | Crear | Conquistador |
| 17:05 | Construir | Farm |
| 17:08 | Construir | Farm |
| 17:10 | Construir | Farm |
| 17:16 | Crear | Villager (Male) |
| 17:34 | Crear | Conquistador |
| 17:37 | Construir | Farm |
| 17:44 | Crear | Villager (Male) |
| 18:06 | Crear | Villager (Male) |
| 18:11 | Construir | Farm |
| 18:20 | Crear | Conquistador |
| 18:26 | Crear | Villager (Male) |
| 19:15 | Crear | Villager (Male) |
| 19:15 | Crear | Villager (Male) |
| 19:16 | Crear | Conquistador |
| 19:17 | Crear | Villager (Male) |
| 19:24 | Crear | Conquistador |
| 19:32 | Investigar | Padded Archer Armor |
| 19:33 | Investigar | Padded Archer Armor |
| 19:34 | Construir | House |
| 19:41 | Crear | Conquistador |
| 19:41 | Crear | Conquistador |
| 20:03 | Crear | Conquistador |
| 20:04 | Crear | Conquistador |
| 20:04 | Crear | Villager (Male) |
| 20:34 | Crear | Villager (Male) |
| 20:36 | Crear | Conquistador |
| 20:55 | Crear | Conquistador |
| 20:57 | Crear | Villager (Male) |
| 21:08 | Construir | Town Center |
| 21:12 | Crear | Conquistador |
| 21:15 | Crear | Villager (Male) |
| 21:21 | Construir | Town Center |
| 21:26 | Crear | Villager (Male) |
| 21:36 | Crear | Conquistador |
| 21:51 | Crear | Villager (Male) |
| 21:53 | Construir | House |
| 21:53 | Construir | House |
| 22:15 | Crear | Conquistador |
| 22:25 | Crear | Conquistador |
| 22:45 | Crear | Conquistador |
| 22:45 | Crear | Conquistador |
| 22:47 | Construir | Farm |
| 22:48 | Construir | Farm |
| 22:49 | Construir | Farm |
| 22:50 | Construir | Farm |
| 22:51 | Construir | Farm |
| 22:57 | Crear | Conquistador |
| 22:58 | Crear | Conquistador |
| 23:08 | Crear | Villager (Male) |
| 23:11 | Construir | Farm |
| 23:11 | Construir | Farm |
| 23:16 | Construir | Farm |
| 23:32 | Crear | Conquistador |
| 23:32 | Crear | Villager (Male) |
| 23:33 | Crear | Villager (Male) |
| 23:36 | Construir | Farm |
| 23:43 | Crear | Trade Cart |
| 23:43 | Crear | Villager (Male) |
| 23:43 | Crear | Villager (Male) |
| 23:55 | Crear | Villager (Male) |
| 23:55 | Crear | Villager (Male) |
| 23:59 | Construir | Farm |
| 24:00 | Construir | Lumber Camp |
| 24:01 | Crear | Villager (Male) |
| 24:14 | Construir | Farm |
| 24:15 | Crear | Villager (Male) |
| 24:15 | Crear | Villager (Male) |
| 24:30 | Crear | Conquistador |
| 24:31 | Crear | Villager (Male) |
| 24:32 | Construir | Farm |
| 24:50 | Crear | Villager (Male) |
| 24:50 | Crear | Villager (Male) |
| 24:54 | Construir | Farm |
| 25:02 | Crear | Villager (Male) |
| 25:04 | Construir | Farm |
Build order — Foskito
Primeras 150 de 344 acciones detectadas
| 0:01 | Crear | Villager (Male) |
| 0:01 | Crear | Villager (Male) |
| 0:01 | Crear | Villager (Male) |
| 0:01 | Crear | Villager (Male) |
| 0:03 | Construir | House |
| 0:04 | Construir | House |
| 1:25 | Crear | Villager (Male) |
| 2:05 | Crear | Villager (Male) |
| 2:05 | Crear | Villager (Male) |
| 2:14 | Construir | Lumber Camp |
| 2:24 | Crear | Villager (Male) |
| 2:24 | Crear | Villager (Male) |
| 2:45 | Crear | Villager (Male) |
| 2:45 | Crear | Villager (Male) |
| 3:12 | Crear | Villager (Male) |
| 3:12 | Crear | Villager (Male) |
| 3:39 | Crear | Villager (Male) |
| 4:02 | Construir | House |
| 4:06 | Crear | Villager (Male) |
| 4:07 | Crear | Villager (Male) |
| 4:17 | Construir | Mill |
| 4:22 | Construir | House |
| 4:38 | Crear | Villager (Male) |
| 4:45 | Crear | Villager (Male) |
| 4:45 | Crear | Villager (Male) |
| 5:21 | Crear | Villager (Male) |
| 5:24 | Crear | Villager (Male) |
| 5:30 | Crear | Villager (Male) |
| 5:30 | Crear | Villager (Male) |
| 6:08 | Crear | Villager (Male) |
| 6:54 | Crear | Villager (Male) |
| 7:02 | Construir | Mining Camp |
| 7:19 | Investigar | Loom |
| 7:20 | Investigar | Loom |
| 7:38 | Crear | Villager (Male) |
| 7:42 | Investigar | Feudal Age |
| 8:12 | Construir | Barracks |
| 8:49 | Crear | Villager (Male) |
| 9:09 | Crear | Villager (Male) |
| 9:40 | Crear | Villager (Male) |
| 9:54 | Edad | Edad Feudal |
| 9:59 | Construir | Watch Tower |
| 10:00 | Crear | Villager (Male) |
| 10:05 | Construir | Market |
| 10:11 | Crear | Villager (Male) |
| 10:11 | Crear | Villager (Male) |
| 10:15 | Crear | Villager (Male) |
| 10:19 | Construir | House |
| 10:57 | Construir | House |
| 11:14 | Construir | Blacksmith |
| 11:21 | Construir | House |
| 11:26 | Construir | House |
| 11:31 | Construir | House |
| 11:37 | Crear | Villager (Male) |
| 11:39 | Crear | Villager (Male) |
| 11:39 | Crear | Villager (Male) |
| 11:50 | Crear | Villager (Male) |
| 12:04 | Construir | Mining Camp |
| 12:09 | Crear | Villager (Male) |
| 12:21 | Crear | Villager (Male) |
| 12:28 | Construir | House |
| 12:30 | Construir | House |
| 12:32 | Construir | Palisade Wall |
| 12:32 | Construir | Palisade Wall |
| 12:43 | Construir | House |
| 12:44 | Construir | Palisade Wall |
| 12:45 | Construir | Palisade Wall |
| 13:20 | Construir | House |
| 13:22 | Crear | Villager (Male) |
| 13:27 | Construir | Watch Tower |
| 13:31 | Construir | Stone Wall |
| 13:32 | Construir | Stone Wall |
| 13:43 | Crear | Villager (Male) |
| 14:15 | Crear | Villager (Male) |
| 14:28 | Construir | Watch Tower |
| 14:31 | Crear | Villager (Male) |
| 14:37 | Construir | Blacksmith |
| 14:52 | Crear | Villager (Male) |
| 14:53 | Crear | Villager (Male) |
| 14:53 | Crear | Villager (Male) |
| 15:13 | Investigar | Fletching |
| 15:31 | Crear | Villager (Male) |
| 15:34 | Crear | Villager (Male) |
| 16:07 | Construir | Farm |
| 16:36 | Crear | Villager (Male) |
| 16:38 | Crear | Villager (Male) |
| 17:05 | Crear | Villager (Male) |
| 17:07 | Construir | Farm |
| 17:08 | Construir | Farm |
| 17:08 | Construir | Farm |
| 17:08 | Construir | Farm |
| 17:38 | Construir | Farm |
| 17:39 | Construir | Farm |
| 17:40 | Construir | Farm |
| 17:44 | Construir | Farm |
| 17:46 | Construir | Farm |
| 17:51 | Construir | Farm |
| 18:08 | Construir | Watch Tower |
| 18:13 | Construir | Farm |
| 18:15 | Crear | Villager (Male) |
| 18:28 | Crear | Villager (Male) |
| 18:43 | Construir | Farm |
| 18:46 | Construir | Farm |
| 18:47 | Construir | Farm |
| 19:22 | Crear | Villager (Male) |
| 19:28 | Construir | Farm |
| 19:31 | Construir | Farm |
| 19:36 | Construir | Farm |
| 20:00 | Investigar | Castle Age |
| 21:39 | Crear | Villager (Male) |
| 21:39 | Crear | Villager (Male) |
| 22:40 | Edad | Edad de los Castillos |
| 22:44 | Construir | Castle |
| 23:00 | Investigar | Bodkin Arrow |
| 23:09 | Construir | Siege Workshop |
| 23:25 | Construir | House |
| 23:31 | Crear | Berserk |
| 23:31 | Crear | Berserk |
| 23:46 | Crear | Villager (Male) |
| 23:59 | Construir | Lumber Camp |
| 24:07 | Crear | Villager (Male) |
| 24:07 | Crear | Villager (Male) |
| 24:50 | Construir | Farm |
| 24:53 | Construir | Farm |
| 24:57 | Construir | Farm |
| 26:08 | Construir | Town Center |
| 26:14 | Crear | Battering Ram |
| 26:14 | Crear | Battering Ram |
| 26:25 | Crear | Berserk |
| 26:26 | Crear | Berserk |
| 26:26 | Crear | Berserk |
| 26:32 | Construir | Farm |
| 26:33 | Construir | Farm |
| 26:33 | Construir | Farm |
| 26:33 | Construir | Farm |
| 26:33 | Construir | Farm |
| 26:34 | Construir | Farm |
| 26:34 | Construir | Farm |
| 26:34 | Construir | Farm |
| 26:34 | Construir | Farm |
| 26:35 | Construir | Farm |
| 27:04 | Crear | Villager (Male) |
| 27:04 | Crear | Villager (Male) |
| 27:04 | Crear | Villager (Male) |
| 27:11 | Crear | Berserk |
| 27:11 | Crear | Berserk |
| 27:17 | Construir | Farm |
| 27:20 | Construir | Farm |
| 27:28 | Crear | Villager (Male) |
| 27:58 | Crear | Villager (Male) |
Build order — KekB_Perce1992
Primeras 150 de 264 acciones detectadas
| 0:00 | Crear | Villager (Male) |
| 0:01 | Crear | Villager (Male) |
| 0:01 | Crear | Villager (Male) |
| 0:01 | Crear | Villager (Male) |
| 0:02 | Crear | Villager (Male) |
| 0:03 | Construir | House |
| 0:05 | Construir | House |
| 1:26 | Crear | Villager (Male) |
| 1:26 | Crear | Villager (Male) |
| 1:49 | Construir | Lumber Camp |
| 1:56 | Crear | Villager (Male) |
| 2:23 | Crear | Villager (Male) |
| 2:48 | Crear | Villager (Male) |
| 2:48 | Crear | Villager (Male) |
| 3:13 | Crear | Villager (Male) |
| 3:29 | Crear | Villager (Male) |
| 3:29 | Crear | Villager (Male) |
| 3:54 | Construir | House |
| 3:57 | Crear | Villager (Male) |
| 4:18 | Construir | Mining Camp |
| 4:25 | Crear | Villager (Male) |
| 4:31 | Crear | Villager (Male) |
| 4:52 | Crear | Villager (Male) |
| 5:28 | Investigar | Loom |
| 5:40 | Construir | Palisade Wall |
| 6:21 | Investigar | Feudal Age |
| 6:21 | Investigar | Feudal Age |
| 6:49 | Construir | Mill |
| 7:28 | Crear | Villager (Male) |
| 7:28 | Crear | Villager (Male) |
| 8:31 | Edad | Edad Feudal |
| 8:43 | Crear | Villager (Male) |
| 8:54 | Construir | Watch Tower |
| 9:02 | Construir | House |
| 9:03 | Construir | House |
| 9:42 | Crear | Villager (Male) |
| 10:17 | Construir | Watch Tower |
| 10:22 | Crear | Villager (Male) |
| 10:25 | Construir | Blacksmith |
| 10:40 | Crear | Villager (Male) |
| 11:06 | Investigar | Fletching |
| 11:18 | Crear | Villager (Male) |
| 11:18 | Crear | Villager (Male) |
| 11:31 | Construir | Watch Tower |
| 11:50 | Crear | Villager (Male) |
| 12:26 | Construir | House |
| 12:27 | Construir | House |
| 12:39 | Crear | Villager (Male) |
| 12:40 | Crear | Villager (Male) |
| 13:34 | Crear | Villager (Male) |
| 13:34 | Crear | Villager (Male) |
| 13:41 | Construir | Watch Tower |
| 13:56 | Crear | Villager (Male) |
| 14:24 | Crear | Villager (Male) |
| 14:29 | Construir | Farm |
| 14:29 | Construir | Farm |
| 14:31 | Construir | Farm |
| 14:35 | Construir | Farm |
| 15:32 | Crear | Villager (Male) |
| 16:08 | Crear | Villager (Male) |
| 16:08 | Crear | Villager (Male) |
| 17:04 | Crear | Villager (Male) |
| 17:04 | Crear | Villager (Male) |
| 17:40 | Crear | Villager (Male) |
| 17:44 | Construir | Farm |
| 17:44 | Construir | Farm |
| 17:44 | Construir | Farm |
| 17:45 | Construir | Farm |
| 17:48 | Construir | Farm |
| 17:48 | Construir | Farm |
| 18:09 | Construir | Watch Tower |
| 18:34 | Crear | Villager (Male) |
| 18:34 | Crear | Villager (Male) |
| 19:00 | Crear | Villager (Male) |
| 19:31 | Crear | Villager (Male) |
| 19:38 | Construir | Market |
| 19:48 | Construir | Watch Tower |
| 20:05 | Construir | Watch Tower |
| 20:09 | Crear | Villager (Male) |
| 20:18 | Construir | House |
| 20:19 | Construir | House |
| 20:19 | Construir | House |
| 20:43 | Crear | Villager (Male) |
| 20:43 | Investigar | Wheelbarrow |
| 21:45 | Construir | House |
| 21:46 | Construir | House |
| 21:59 | Construir | Stone Wall |
| 22:01 | Construir | Stone Wall |
| 22:06 | Construir | Stone Wall |
| 22:08 | Construir | Stone Wall |
| 22:19 | Construir | House |
| 22:21 | Construir | House |
| 22:24 | Crear | Villager (Male) |
| 22:24 | Crear | Villager (Male) |
| 22:36 | Construir | Stone Wall |
| 22:38 | Construir | Watch Tower |
| 22:43 | Construir | House |
| 22:45 | Construir | Palisade Wall |
| 22:52 | Construir | Stone Wall |
| 22:54 | Construir | Stone Wall |
| 22:55 | Construir | Stone Wall |
| 23:04 | Construir | Stone Wall |
| 23:22 | Construir | Watch Tower |
| 23:39 | Construir | House |
| 23:47 | Construir | House |
| 23:49 | Construir | House |
| 23:55 | Crear | Villager (Male) |
| 23:55 | Crear | Villager (Male) |
| 24:11 | Construir | Barracks |
| 24:14 | Construir | House |
| 24:28 | Construir | House |
| 24:30 | Construir | House |
| 24:47 | Construir | House |
| 24:50 | Construir | Farm |
| 24:51 | Construir | Farm |
| 24:51 | Construir | Farm |
| 24:56 | Crear | Villager (Male) |
| 25:00 | Construir | Farm |
| 25:13 | Crear | Villager (Male) |
| 25:21 | Crear | Villager (Male) |
| 25:25 | Construir | House |
| 25:40 | Crear | Villager (Male) |
| 26:11 | Crear | Villager (Male) |
| 26:13 | Construir | Stone Wall |
| 26:15 | Crear | Villager (Male) |
| 26:26 | Investigar | Castle Age |
| 27:10 | Construir | House |
| 27:11 | Construir | House |
| 28:02 | Crear | Villager (Male) |
| 28:07 | Construir | Farm |
| 28:09 | Construir | Farm |
| 28:30 | Investigar | Double-Bit Axe |
| 28:32 | Investigar | Horse Collar |
| 29:16 | Edad | Edad de los Castillos |
| 29:17 | Construir | Siege Workshop |
| 29:21 | Crear | Villager (Male) |
| 29:21 | Crear | Villager (Male) |
| 29:24 | Construir | Mining Camp |
| 29:26 | Crear | Villager (Male) |
| 29:50 | Crear | Villager (Male) |
| 30:01 | Crear | Villager (Male) |
| 30:03 | Construir | Farm |
| 30:31 | Crear | Villager (Male) |
| 30:35 | Construir | Town Center |
| 30:43 | Crear | Villager (Male) |
| 31:09 | Construir | Barracks |
| 31:11 | Construir | Barracks |
| 31:14 | Crear | Villager (Male) |
| 31:21 | Construir | Monastery |
| 31:23 | Construir | Monastery |
Build order — [CL]Jupy
Primeras 150 de 336 acciones detectadas
| 0:02 | Crear | Villager (Male) ×4 |
| 0:03 | Construir | House |
| 0:04 | Construir | House |
| 0:31 | Construir | Settlement |
| 1:35 | Crear | Villager (Male) |
| 1:50 | Crear | Villager (Male) |
| 2:20 | Crear | Villager (Male) |
| 2:54 | Crear | Villager (Male) |
| 2:54 | Crear | Villager (Male) |
| 3:22 | Crear | Villager (Male) |
| 3:22 | Crear | Villager (Male) |
| 4:04 | Crear | Villager (Male) |
| 4:07 | Crear | Villager (Male) |
| 4:07 | Crear | Villager (Male) |
| 4:21 | Crear | Villager (Male) |
| 5:11 | Construir | Settlement |
| 5:24 | Investigar | Loom |
| 6:21 | Investigar | Feudal Age |
| 6:22 | Investigar | Feudal Age |
| 6:49 | Construir | Settlement |
| 7:50 | Crear | Villager (Male) |
| 8:31 | Edad | Edad Feudal |
| 8:36 | Investigar | Double-Bit Axe |
| 8:36 | Investigar | Double-Bit Axe |
| 8:43 | Construir | Palisade Wall |
| 8:44 | Construir | Watch Tower |
| 8:52 | Crear | Villager (Male) |
| 9:16 | Crear | Villager (Male) |
| 9:17 | Crear | Villager (Male) |
| 9:31 | Construir | Blacksmith |
| 9:44 | Crear | Villager (Male) |
| 10:09 | Construir | Palisade Gate |
| 10:14 | Construir | Palisade Gate |
| 10:19 | Construir | Watch Tower |
| 10:21 | Crear | Villager (Male) |
| 10:31 | Construir | Palisade Wall |
| 10:32 | Construir | Palisade Wall |
| 10:35 | Construir | Palisade Wall |
| 10:36 | Construir | Palisade Wall |
| 10:39 | Construir | Palisade Wall |
| 10:41 | Construir | Palisade Wall |
| 10:44 | Construir | Palisade Wall |
| 10:48 | Crear | Villager (Male) |
| 10:57 | Crear | Villager (Male) |
| 11:05 | Crear | Villager (Male) |
| 11:08 | Investigar | Padded Archer Armor |
| 11:08 | Investigar | Fletching |
| 11:10 | Investigar | Fletching |
| 11:10 | Investigar | Fletching |
| 11:27 | Crear | Villager (Male) |
| 11:40 | Construir | Palisade Wall |
| 11:47 | Crear | Villager (Male) |
| 11:52 | Crear | Villager (Male) |
| 11:52 | Crear | Villager (Male) |
| 12:05 | Construir | Settlement |
| 12:09 | Construir | Farm |
| 12:40 | Construir | Farm |
| 12:58 | Crear | Villager (Male) |
| 13:22 | Construir | Outpost |
| 13:25 | Construir | Farm |
| 13:37 | Construir | Farm |
| 13:48 | Crear | Villager (Male) |
| 13:50 | Construir | Farm |
| 14:11 | Construir | Outpost |
| 14:13 | Crear | Villager (Male) |
| 14:14 | Construir | Farm |
| 14:17 | Construir | Farm |
| 14:36 | Investigar | Town Watch |
| 14:36 | Investigar | Town Watch |
| 14:38 | Construir | Farm |
| 14:53 | Construir | Farm |
| 14:55 | Construir | Farm |
| 15:20 | Crear | Villager (Male) |
| 15:22 | Investigar | Horse Collar |
| 15:23 | Investigar | Horse Collar |
| 15:38 | Construir | Watch Tower |
| 15:41 | Crear | Villager (Male) |
| 16:16 | Crear | Villager (Male) |
| 16:26 | Crear | Villager (Male) |
| 16:31 | Investigar | Wheelbarrow |
| 16:31 | Investigar | Wheelbarrow |
| 16:32 | Construir | Farm |
| 16:33 | Construir | Farm |
| 16:51 | Construir | Market |
| 17:51 | Construir | Palisade Gate |
| 18:00 | Crear | Villager (Male) |
| 18:21 | Construir | Market |
| 18:47 | Construir | Market |
| 18:53 | Construir | House |
| 18:59 | Construir | House |
| 19:01 | Construir | Palisade Wall |
| 19:04 | Investigar | Castle Age |
| 19:10 | Construir | House |
| 19:26 | Construir | House |
| 19:32 | Construir | Watch Tower |
| 20:11 | Construir | House |
| 20:31 | Construir | Market |
| 20:37 | Construir | Gate |
| 20:40 | Construir | Gate |
| 20:45 | Construir | Stone Wall |
| 21:05 | Crear | Villager (Male) |
| 21:24 | Construir | House |
| 21:29 | Construir | House |
| 21:34 | Construir | Stone Wall |
| 21:44 | Edad | Edad de los Castillos |
| 21:45 | Construir | Stone Wall |
| 21:47 | Investigar | Bodkin Arrow |
| 21:47 | Investigar | Bodkin Arrow |
| 22:02 | Construir | Stone Wall |
| 22:09 | Crear | Villager (Male) |
| 22:16 | Construir | University |
| 22:18 | Construir | House |
| 22:20 | Construir | Stone Wall |
| 22:52 | Construir | Town Center |
| 23:17 | Crear | Villager (Male) |
| 23:41 | Construir | Watch Tower |
| 23:48 | Construir | House |
| 23:49 | Construir | House |
| 23:50 | Crear | Villager (Male) |
| 23:52 | Crear | Villager (Male) |
| 23:53 | Crear | Villager (Male) |
| 24:07 | Crear | Villager (Male) |
| 24:21 | Investigar | Guard Tower (upgrade) |
| 24:21 | Investigar | Guard Tower (upgrade) |
| 24:34 | Crear | Villager (Male) |
| 24:48 | Construir | Town Center |
| 24:58 | Construir | Farm |
| 24:59 | Crear | Villager (Male) |
| 25:01 | Construir | Farm |
| 25:06 | Crear | Villager (Male) |
| 25:24 | Crear | Villager (Male) |
| 25:30 | Crear | Villager (Male) |
| 25:38 | Construir | Farm |
| 25:45 | Investigar | Bow Saw |
| 25:45 | Investigar | Bow Saw |
| 25:59 | Construir | Watch Tower |
| 26:06 | Construir | House |
| 26:14 | Construir | Palisade Wall |
| 26:23 | Crear | Villager (Male) |
| 26:23 | Crear | Villager (Male) |
| 26:25 | Construir | Farm |
| 26:27 | Construir | Farm |
| 26:29 | Crear | Villager (Male) |
| 26:38 | Crear | Villager (Male) |
| 26:47 | Construir | Farm |
| 26:49 | Crear | Villager (Male) |
| 26:52 | Construir | Farm |
| 26:54 | Construir | Farm |
| 27:05 | Crear | Villager (Male) |
| 27:06 | Construir | Farm |
Build order — Scogx
Primeras 150 de 533 acciones detectadas
| 0:01 | Crear | Villager (Male) |
| 0:01 | Crear | Villager (Male) |
| 0:01 | Crear | Villager (Male) |
| 0:02 | Construir | House |
| 0:04 | Construir | House |
| 0:13 | Crear | Villager (Male) |
| 0:13 | Crear | Villager (Male) |
| 1:30 | Crear | Villager (Male) |
| 1:30 | Crear | Villager (Male) |
| 1:46 | Crear | Villager (Male) |
| 1:46 | Crear | Villager (Male) |
| 2:03 | Construir | Lumber Camp |
| 2:21 | Crear | Villager (Male) |
| 2:22 | Crear | Villager (Male) |
| 2:44 | Crear | Villager (Male) |
| 3:01 | Crear | Villager (Male) |
| 3:16 | Crear | Villager (Male) |
| 3:42 | Construir | House |
| 3:46 | Crear | Villager (Male) |
| 3:49 | Crear | Villager (Male) |
| 3:49 | Crear | Villager (Male) |
| 4:17 | Construir | House |
| 4:22 | Crear | Villager (Male) |
| 4:25 | Construir | Mill |
| 4:54 | Construir | House |
| 5:02 | Crear | Villager (Male) |
| 5:02 | Crear | Villager (Male) |
| 5:13 | Crear | Villager (Male) |
| 5:13 | Crear | Villager (Male) |
| 5:42 | Crear | Villager (Male) |
| 5:52 | Crear | Villager (Male) |
| 5:59 | Crear | Villager (Male) |
| 7:01 | Construir | Farm |
| 7:05 | Construir | Farm |
| 7:07 | Construir | Farm |
| 7:12 | Crear | Villager (Male) |
| 7:22 | Crear | Villager (Male) |
| 8:01 | Investigar | Loom |
| 8:03 | Construir | Mining Camp |
| 8:44 | Investigar | Feudal Age |
| 9:00 | Crear | Villager (Male) |
| 9:16 | Construir | Palisade Wall |
| 9:19 | Crear | Villager (Male) |
| 9:25 | Construir | Palisade Wall |
| 9:54 | Crear | Villager (Male) |
| 10:24 | Crear | Villager (Male) |
| 10:48 | Edad | Edad Feudal |
| 10:49 | Crear | Villager (Male) |
| 10:58 | Crear | Villager (Male) |
| 11:04 | Construir | Market |
| 11:12 | Construir | Blacksmith |
| 11:50 | Crear | Villager (Male) |
| 12:06 | Construir | House |
| 12:18 | Investigar | Castle Age |
| 12:33 | Construir | House |
| 12:56 | Construir | Palisade Wall |
| 12:58 | Construir | Palisade Wall |
| 13:05 | Crear | Villager (Male) |
| 13:12 | Construir | Palisade Wall |
| 13:16 | Crear | Villager (Male) |
| 13:28 | Investigar | Double-Bit Axe |
| 13:32 | Construir | Palisade Wall |
| 13:33 | Construir | Palisade Wall |
| 13:43 | Construir | Palisade Wall |
| 13:54 | Crear | Villager (Male) |
| 14:13 | Crear | Villager (Male) |
| 14:32 | Crear | Villager (Male) |
| 14:43 | Edad | Edad de los Castillos |
| 14:54 | Construir | Town Center |
| 15:38 | Crear | Villager (Male) |
| 16:01 | Construir | Town Center |
| 16:05 | Crear | Villager (Male) |
| 16:35 | Crear | Villager (Male) |
| 16:35 | Crear | Villager (Male) |
| 16:35 | Crear | Villager (Male) |
| 16:49 | Crear | Villager (Male) |
| 17:01 | Construir | Farm |
| 17:03 | Construir | Farm |
| 17:08 | Crear | Villager (Male) |
| 17:08 | Crear | Villager (Male) |
| 17:13 | Construir | Mill |
| 17:27 | Construir | Farm |
| 17:38 | Crear | Villager (Male) |
| 17:43 | Construir | Farm |
| 17:52 | Crear | Villager (Male) |
| 17:58 | Investigar | Horse Collar |
| 18:23 | Construir | Farm |
| 18:30 | Crear | Villager (Male) |
| 18:30 | Crear | Villager (Male) |
| 18:31 | Crear | Villager (Male) |
| 19:13 | Crear | Villager (Male) |
| 19:14 | Crear | Villager (Male) |
| 19:28 | Crear | Villager (Male) |
| 19:44 | Construir | Siege Workshop |
| 19:47 | Crear | Villager (Male) |
| 19:47 | Crear | Villager (Male) |
| 19:59 | Construir | Farm |
| 20:02 | Construir | Farm |
| 20:03 | Construir | Farm |
| 20:11 | Construir | Farm |
| 20:17 | Crear | Villager (Male) |
| 20:17 | Crear | Villager (Male) |
| 20:17 | Crear | Villager (Male) |
| 20:17 | Crear | Villager (Male) |
| 20:32 | Crear | Mangonel |
| 20:32 | Crear | Mangonel |
| 20:46 | Crear | Villager (Male) |
| 20:46 | Crear | Villager (Male) |
| 20:56 | Construir | Farm |
| 21:01 | Crear | Villager (Male) |
| 21:01 | Crear | Villager (Male) |
| 21:04 | Construir | Farm |
| 21:20 | Crear | Mangonel |
| 21:20 | Crear | Mangonel |
| 21:23 | Crear | Villager (Male) |
| 21:24 | Crear | Villager (Male) |
| 21:30 | Construir | House |
| 21:37 | Crear | Villager (Male) |
| 21:38 | Crear | Villager (Male) |
| 21:56 | Crear | Villager (Male) |
| 21:57 | Crear | Villager (Male) |
| 22:13 | Construir | Farm |
| 22:14 | Crear | Villager (Male) |
| 22:14 | Crear | Villager (Male) |
| 22:32 | Crear | Villager (Male) |
| 22:32 | Crear | Villager (Male) |
| 22:42 | Crear | Villager (Male) |
| 22:44 | Construir | House |
| 22:44 | Construir | House |
| 22:45 | Construir | House |
| 23:03 | Crear | Villager (Male) |
| 23:03 | Crear | Villager (Male) |
| 23:19 | Crear | Villager (Male) |
| 23:19 | Crear | Villager (Male) |
| 23:27 | Crear | Villager (Male) |
| 23:28 | Crear | Villager (Male) |
| 23:33 | Crear | Villager (Male) |
| 23:33 | Crear | Villager (Male) |
| 23:46 | Construir | Town Center |
| 23:58 | Crear | Villager (Male) |
| 23:58 | Crear | Villager (Male) |
| 23:58 | Crear | Villager (Male) |
| 23:58 | Crear | Villager (Male) |
| 24:09 | Crear | Villager (Male) |
| 24:09 | Crear | Villager (Male) |
| 24:21 | Construir | Lumber Camp |
| 24:28 | Investigar | Bow Saw |
| 24:34 | Crear | Villager (Male) |
| 24:35 | Crear | Villager (Male) |
| 24:47 | Crear | Villager (Male) |
Build order — Nervkeks
Primeras 150 de 500 acciones detectadas
| 0:02 | Crear | Villager (Male) |
| 0:02 | Crear | Villager (Male) |
| 0:03 | Construir | House |
| 0:04 | Construir | House |
| 0:06 | Crear | Villager (Male) |
| 0:11 | Crear | Villager (Male) |
| 1:24 | Crear | Villager (Male) |
| 1:50 | Crear | Villager (Male) |
| 2:12 | Crear | Villager (Male) |
| 2:12 | Crear | Villager (Male) |
| 2:42 | Crear | Villager (Male) |
| 2:42 | Crear | Villager (Male) |
| 3:04 | Construir | Lumber Camp |
| 3:14 | Crear | Villager (Male) |
| 3:31 | Crear | Villager (Male) |
| 3:37 | Construir | House |
| 3:39 | Construir | House |
| 3:40 | Construir | House |
| 3:47 | Crear | Villager (Male) |
| 3:57 | Crear | Villager (Male) |
| 3:57 | Crear | Villager (Male) |
| 4:22 | Crear | Villager (Male) |
| 4:22 | Crear | Villager (Male) |
| 4:48 | Crear | Villager (Male) |
| 4:48 | Crear | Villager (Male) |
| 4:48 | Crear | Villager (Male) |
| 5:08 | Construir | Mill |
| 6:02 | Crear | Villager (Male) |
| 6:53 | Crear | Villager (Male) |
| 7:08 | Construir | Farm |
| 7:14 | Crear | Villager (Male) |
| 7:15 | Construir | Farm |
| 7:42 | Crear | Villager (Male) |
| 7:48 | Construir | Farm |
| 7:59 | Construir | Mining Camp |
| 8:09 | Investigar | Feudal Age |
| 8:09 | Investigar | Feudal Age |
| 8:46 | Crear | Villager (Male) |
| 8:46 | Crear | Villager (Male) |
| 8:51 | Construir | House |
| 10:32 | Edad | Edad Feudal |
| 10:33 | Construir | Market |
| 10:36 | Construir | Blacksmith |
| 11:25 | Investigar | Castle Age |
| 11:25 | Investigar | Castle Age |
| 11:33 | Investigar | Double-Bit Axe |
| 11:58 | Investigar | Horse Collar |
| 12:03 | Construir | Farm |
| 12:04 | Construir | Farm |
| 12:38 | Investigar | Loom |
| 12:45 | Construir | Farm |
| 14:05 | Edad | Edad de los Castillos |
| 14:22 | Crear | Villager (Male) |
| 14:24 | Construir | Town Center |
| 14:30 | Construir | Siege Workshop |
| 14:35 | Crear | Villager (Male) |
| 14:37 | Investigar | Bow Saw |
| 14:43 | Investigar | Heavy Plow |
| 14:47 | Construir | House |
| 14:56 | Construir | House |
| 15:08 | Crear | Villager (Male) |
| 15:25 | Crear | Villager (Male) |
| 15:29 | Crear | Mangonel |
| 15:30 | Crear | Mangonel |
| 15:50 | Construir | House |
| 15:56 | Crear | Villager (Male) |
| 16:00 | Construir | Farm |
| 16:10 | Construir | Farm |
| 16:23 | Crear | Villager (Male) |
| 16:25 | Construir | Monastery |
| 16:28 | Crear | Villager (Male) |
| 16:28 | Crear | Villager (Male) |
| 16:41 | Crear | Villager (Male) |
| 16:42 | Crear | Villager (Male) |
| 16:45 | Construir | Palisade Wall |
| 16:47 | Construir | Palisade Wall |
| 16:49 | Construir | Palisade Wall |
| 17:01 | Crear | Villager (Male) |
| 17:01 | Crear | Villager (Male) |
| 17:02 | Crear | Villager (Male) |
| 17:03 | Construir | Farm |
| 17:05 | Construir | Farm |
| 17:05 | Construir | Farm |
| 17:17 | Crear | Monk |
| 17:18 | Crear | Villager (Male) |
| 17:25 | Construir | Farm |
| 17:27 | Construir | Farm |
| 17:30 | Construir | Farm |
| 17:40 | Construir | Palisade Gate |
| 17:45 | Crear | Villager (Male) |
| 17:49 | Construir | Lumber Camp |
| 17:54 | Crear | Villager (Male) |
| 18:04 | Crear | Monk |
| 18:05 | Crear | Villager (Male) |
| 18:05 | Crear | Villager (Male) |
| 18:13 | Construir | Palisade Gate |
| 18:26 | Crear | Monk |
| 18:42 | Crear | Villager (Male) |
| 18:42 | Crear | Villager (Male) |
| 18:43 | Crear | Villager (Male) |
| 18:43 | Crear | Villager (Male) |
| 18:48 | Construir | Town Center |
| 18:52 | Construir | Farm |
| 18:53 | Construir | Farm |
| 18:55 | Construir | Farm |
| 19:06 | Crear | Villager (Male) |
| 19:12 | Crear | Villager (Male) |
| 19:18 | Crear | Villager (Male) |
| 19:27 | Construir | House |
| 19:28 | Construir | House |
| 19:34 | Investigar | Wheelbarrow |
| 19:34 | Investigar | Wheelbarrow |
| 19:35 | Construir | House |
| 19:36 | Construir | House |
| 19:36 | Construir | House |
| 19:36 | Construir | House |
| 19:42 | Crear | Villager (Male) |
| 19:43 | Crear | Monk |
| 19:43 | Crear | Monk |
| 19:49 | Crear | Villager (Male) |
| 19:49 | Crear | Villager (Male) |
| 19:52 | Construir | House |
| 19:54 | Construir | Farm |
| 20:04 | Construir | House |
| 20:05 | Crear | Villager (Male) |
| 20:11 | Crear | Mangonel |
| 20:11 | Crear | Mangonel |
| 20:14 | Crear | Villager (Male) |
| 20:14 | Crear | Villager (Male) |
| 20:22 | Construir | Palisade Gate |
| 20:24 | Construir | Palisade Gate |
| 20:30 | Crear | Villager (Male) |
| 20:32 | Crear | Villager (Male) |
| 20:41 | Construir | Town Center |
| 20:54 | Crear | Villager (Male) |
| 20:54 | Crear | Villager (Male) |
| 20:57 | Construir | Farm |
| 21:04 | Investigar | Gold Mining |
| 21:04 | Investigar | Gold Mining |
| 21:22 | Construir | House |
| 21:29 | Crear | Villager (Male) |
| 21:30 | Crear | Villager (Male) |
| 21:34 | Construir | House |
| 21:35 | Construir | House |
| 21:41 | Crear | Villager (Male) |
| 21:41 | Crear | Villager (Male) |
| 21:41 | Crear | Villager (Male) |
| 21:45 | Crear | Villager (Male) |
| 21:46 | Crear | Villager (Male) |
| 21:55 | Crear | Villager (Male) |
Cronología de la partida
| 5:40 | KekB_Perce1992 · wall_segment Palisade Wall x1 |
| 8:12 | Foskito · first_building Barracks |
| 8:23 | David Rasie · first_building Barracks |
| 8:31 | KekB_Perce1992 · age_up feudal |
| 8:31 | [CL]Jupy · age_up feudal |
| 8:43 | [CL]Jupy · wall_segment Palisade Wall x1 |
| 9:16 | Scogx · wall_segment Palisade Wall x5 |
| 9:17 | David Rasie · age_up feudal |
| 9:21 | David Rasie · first_building Stable |
| 9:25 | Scogx · wall_segment Palisade Wall x4 |
| 9:27 | Mago · first_building Barracks |
| 9:54 | Foskito · age_up feudal |
| 10:31 | [CL]Jupy · wall_segment Palisade Wall x1 |
| 10:31 | LM | L3ouis · age_up feudal |
| 10:32 | Nervkeks · age_up feudal |
| 10:32 | [CL]Jupy · wall_segment Palisade Wall x1 |
| 10:35 | [CL]Jupy · wall_segment Palisade Wall x1 |
| 10:36 | [CL]Jupy · wall_segment Palisade Wall x1 |
| 10:39 | [CL]Jupy · wall_segment Palisade Wall x1 |
| 10:41 | [CL]Jupy · wall_segment Palisade Wall x1 |
| 10:44 | [CL]Jupy · wall_segment Palisade Wall x1 |
| 10:48 | Scogx · age_up feudal |
| 11:21 | Mago · age_up feudal |
| 11:22 | Mago · first_building Stable |
| 11:40 | [CL]Jupy · wall_segment Palisade Wall x1 |
| 12:08 | Scogx · first_market_sell 100 wood |
| 12:10 | Scogx · first_market_buy 100 food |
| 12:32 | Foskito · wall_segment Palisade Wall x1 |
| 12:32 | Foskito · wall_segment Palisade Wall x1 |
| 12:44 | Foskito · wall_segment Palisade Wall x1 |
| 12:45 | Foskito · wall_segment Palisade Wall x1 |
| 12:56 | Scogx · wall_segment Palisade Wall x1 |
| 12:58 | Scogx · wall_segment Palisade Wall x1 |
| 13:12 | Scogx · wall_segment Palisade Wall x1 |
| 13:31 | Foskito · wall_segment Stone Wall x1 |
| 13:32 | Scogx · wall_segment Palisade Wall x1 |
| 13:32 | Foskito · wall_segment Stone Wall x1 |
| 13:33 | Scogx · wall_segment Palisade Wall x1 |
| 13:43 | Scogx · wall_segment Palisade Wall x1 |
| 14:05 | Nervkeks · age_up castle |
| 14:07 | LM | L3ouis · age_up castle |
| 14:09 | LM | L3ouis · first_building Castle |
| 14:30 | Nervkeks · first_building Siege Workshop |
| 14:42 | Nervkeks · first_market_buy 100 wood |
| 14:43 | Scogx · age_up castle |
| 14:55 | Mago · age_up castle |
| 15:56 | Foskito · first_market_sell 100 wood |
| 15:59 | Foskito · first_market_buy 100 food |
| 16:25 | Nervkeks · first_building Monastery |
| 16:45 | Nervkeks · wall_segment Palisade Wall x1 |
| 16:47 | Nervkeks · wall_segment Palisade Wall x1 |
| 16:49 | Nervkeks · wall_segment Palisade Wall x1 |
| 18:02 | [CL]Jupy · first_market_sell 100 stone |
| 18:52 | David Rasie · age_up castle |
| 19:01 | [CL]Jupy · wall_segment Palisade Wall x1 |
| 19:44 | Scogx · first_building Siege Workshop |
| 20:10 | Nervkeks · first_market_sell 100 wood |
| 20:45 | [CL]Jupy · wall_segment Stone Wall x1 |
| 21:19 | LM | L3ouis · first_market_buy 100 stone |
| 21:34 | [CL]Jupy · wall_segment Stone Wall x4 |
| 21:44 | [CL]Jupy · age_up castle |
| 21:45 | [CL]Jupy · wall_segment Stone Wall x6 |
| 21:59 | KekB_Perce1992 · wall_segment Stone Wall x1 |
| 22:01 | KekB_Perce1992 · wall_segment Stone Wall x1 |
| 22:02 | [CL]Jupy · wall_segment Stone Wall x1 |
| 22:06 | KekB_Perce1992 · wall_segment Stone Wall x1 |
| 22:08 | KekB_Perce1992 · wall_segment Stone Wall x1 |
| 22:20 | [CL]Jupy · wall_segment Stone Wall x1 |
| 22:36 | KekB_Perce1992 · wall_segment Stone Wall x3 |
| 22:40 | Foskito · age_up castle |
| 22:44 | Foskito · first_building Castle |
| 22:45 | KekB_Perce1992 · wall_segment Palisade Wall x1 |
| 22:49 | [CL]Jupy · first_market_buy 100 stone |
| 22:52 | KekB_Perce1992 · wall_segment Stone Wall x1 |
| 22:54 | KekB_Perce1992 · wall_segment Stone Wall x4 |
| 22:55 | KekB_Perce1992 · wall_segment Stone Wall x2 |
| 23:04 | KekB_Perce1992 · wall_segment Stone Wall x1 |
| 23:09 | Foskito · first_building Siege Workshop |
| 24:11 | KekB_Perce1992 · first_building Barracks |
| 26:13 | KekB_Perce1992 · wall_segment Stone Wall x1 |
| 26:14 | [CL]Jupy · wall_segment Palisade Wall x1 |
| 26:16 | Scogx · wall_segment Stone Wall x6 |
| 26:21 | David Rasie · first_building Monastery |
| 26:23 | KekB_Perce1992 · first_market_sell 100 stone |
| 26:28 | Nervkeks · first_building Castle |
| 27:14 | Scogx · wall_segment Stone Wall x9 |
| 28:05 | Scogx · wall_segment Stone Wall x17 |
| 29:02 | Nervkeks · first_building Barracks |
| 29:06 | Mago · first_building Castle |
| 29:16 | KekB_Perce1992 · age_up castle |
| 29:17 | KekB_Perce1992 · first_building Siege Workshop |
| 29:30 | [CL]Jupy · first_building Barracks |
| 29:30 | Scogx · wall_segment Stone Wall x14 |
| 29:50 | Scogx · wall_segment Stone Wall x14 |
| 30:03 | Scogx · wall_segment Stone Wall x7 |
| 30:09 | Nervkeks · first_building Stable |
| 30:35 | Nervkeks · tribute_sent a jugador 1 |
| 30:35 | Nervkeks · tribute_sent a jugador 2 |
| 30:35 | Nervkeks · tribute_sent a jugador 3 |
| 30:35 | Nervkeks · tribute_sent a jugador 4 |
| 30:35 | Nervkeks · tribute_sent a jugador 5 |
| 30:35 | Nervkeks · tribute_sent a jugador 6 |
| 30:35 | Nervkeks · tribute_sent a jugador 7 |
| 30:43 | [CL]Jupy · first_building Archery Range |
| 31:06 | Nervkeks · age_up imperial |
| 31:20 | Mago · first_market_sell 100 food |
| 31:21 | KekB_Perce1992 · first_building Monastery |
| 31:33 | KekB_Perce1992 · wall_segment Stone Wall x1 |
| 31:41 | [CL]Jupy · first_building Siege Workshop |
| 31:42 | KekB_Perce1992 · wall_segment Stone Wall x1 |
| 31:42 | KekB_Perce1992 · wall_segment Stone Wall x1 |
| 31:43 | KekB_Perce1992 · wall_segment Stone Wall x1 |
| 31:44 | KekB_Perce1992 · wall_segment Stone Wall x1 |
| 31:58 | [CL]Jupy · wall_segment Palisade Wall x1 |
| 32:03 | Mago · first_building Siege Workshop |
| 32:19 | David Rasie · first_market_sell 100 wood |
| 32:31 | Nervkeks · wall_segment Stone Wall x5 |
| 32:38 | Mago · first_building Monastery |
| 32:46 | LM | L3ouis · first_market_sell 100 food |
| 32:47 | KekB_Perce1992 · wall_segment Stone Wall x1 |
| 33:10 | Foskito · wall_segment Stone Wall x11 |
| 33:33 | Foskito · wall_segment Stone Wall x1 |
| 33:33 | LM | L3ouis · first_building Barracks |
| 33:34 | Foskito · wall_segment Stone Wall x11 |
| 34:24 | Scogx · first_building Castle |
| 34:35 | LM | L3ouis · first_building Stable |
| 34:41 | Mago · wall_segment Stone Wall x8 |
| 34:49 | Mago · wall_segment Stone Wall x15 |
| 34:56 | Nervkeks · wall_segment Stone Wall x25 |
| 34:58 | Mago · age_up imperial |
| 34:58 | Foskito · wall_segment Stone Wall x12 |
| 35:12 | Scogx · first_building Barracks |
| 35:39 | David Rasie · first_building Castle |
| 35:57 | [CL]Jupy · age_up imperial |
| 36:22 | Scogx · wall_segment Stone Wall x6 |
| 36:32 | Mago · first_market_buy 100 wood |
| 36:37 | LM | L3ouis · age_up imperial |
| 36:50 | Nervkeks · tribute_sent a jugador 1 |
| 36:50 | Nervkeks · tribute_sent a jugador 2 |
| 36:50 | Nervkeks · tribute_sent a jugador 3 |
| 36:50 | Nervkeks · tribute_sent a jugador 4 |
| 36:50 | Nervkeks · tribute_sent a jugador 5 |
| 36:50 | Nervkeks · tribute_sent a jugador 6 |
| 36:50 | Nervkeks · tribute_sent a jugador 7 |
| 37:11 | David Rasie · age_up imperial |
| 37:32 | Scogx · first_building Stable |
| 38:16 | Scogx · age_up imperial |
| 38:20 | Scogx · wall_segment Stone Wall x2 |
| 38:39 | Scogx · wall_segment Stone Wall x10 |
| 38:40 | Nervkeks · tribute_sent a jugador 1 |
| 38:40 | Nervkeks · tribute_sent a jugador 2 |
| 38:40 | Nervkeks · tribute_sent a jugador 3 |
| 38:40 | Nervkeks · tribute_sent a jugador 4 |
| 38:40 | Nervkeks · tribute_sent a jugador 5 |
| 38:40 | Nervkeks · tribute_sent a jugador 6 |
| 38:40 | Nervkeks · tribute_sent a jugador 7 |
| 38:41 | David Rasie · wall_segment Stone Wall x32 |
| 38:44 | David Rasie · wall_segment Stone Wall x2 |
| 40:23 | Mago · tribute_sent a jugador 1 |
| 40:23 | Mago · tribute_sent a jugador 2 |
| 40:23 | Mago · tribute_sent a jugador 3 |
| 40:23 | Mago · tribute_sent a jugador 4 |
| 40:23 | Mago · tribute_sent a jugador 5 |
| 40:23 | Mago · tribute_sent a jugador 6 |
| 40:23 | Mago · tribute_sent a jugador 8 |
| 40:55 | [CL]Jupy · first_building Monastery |
| 41:17 | David Rasie · resign |
| 41:25 | KekB_Perce1992 · age_up imperial |
[ ANÁLISIS IA · 1 CRÉDITO ]
¿Qué pasó realmente en esta partida?
Wolo.gg analiza cada decisión: build order, eco, micro, errores típicos por bracket. Análisis personalizado por WhatsApp o Discord en 30 segundos.
Guía civ
Romanos
Perfil
Jugador #217558